Map: Mar Sara Wastes (7v7 Melee Map)

Players

Throwfordays - Winner!

  • Race: Protoss Protoss
  • League: Silver
  • Spawn Location: 12:00

A.I. 1 (Very Hard)

  • Race: Protoss Protoss
  • Spawn Location: 1:00

WheresWaldo - Winner!

  • Race: Protoss Protoss
  • Spawn Location: 12:00

A.I. 3 (Very Hard)

  • Race: Zerg Zerg
  • Spawn Location: 7:00

CmdrBeaumont - Winner!

  • Race: Terran Terran
  • Spawn Location: 1:00

A.I. 5 (Very Hard)

  • Race: Protoss Protoss
  • Spawn Location: 6:00

SlushyStar - Winner!

  • Race: Protoss Protoss
  • Spawn Location: 11:00

A.I. 7 (Very Hard)

  • Race: Protoss Protoss
  • Spawn Location: 1:00

TNF - Winner!

  • Race: Protoss Protoss
  • Spawn Location: 11:00

A.I. 9 (Very Hard)

  • Race: Zerg Zerg
  • Spawn Location: 9:00

Raynar - Winner!

  • Race: Protoss Protoss
  • Spawn Location: 9:00

A.I. 11 (Very Hard)

  • Race: Terran Terran
  • Spawn Location: 7:00

VOD

Have the link to the VOD?

Description

Time

  • Played on: Sept. 12, 2020, 10:15 p.m.
  • Length: 24:22
Show
View Real Time Build Order
Export as new Build Order

Throwfordays Protoss - Winner!

Build Orders: 1 Gate Expand 

Get SALT Encoding   

  12  0:01  Probe  
  13  0:13  Probe  
  14  0:17  Pylon  
  14  0:26  Probe  
  15  0:37  Gateway  
  15  0:39  Probe  
  16  1:07  Nexus  
  16  1:11  Probe  
  17  1:21  Pylon  
  17  1:24  Assimilator  
  17  1:34  Cybernetics Core  
  17  1:39  Probe  
  18  1:51  Probe  
  19  1:55  Forge  
  19  2:03  Probe  
  19  2:05  Zealot  
  22  2:18  Warp Gate (Chrono Boost)  
  22  2:28  Photon Cannon  
  22  2:30  Photon Cannon  
  22  2:37  Adept  
  22  2:42  Probe (Chrono Boost)  
  26  2:52  Pylon, Probe (Chrono Boost)  
  26  2:57  Probe (Chrono Boost)  
  24  3:08  Photon Cannon  
  24  3:09  Photon Cannon  
  24  3:14  Photon Cannon  
  24  3:22  Adept  
  26  3:48  Gateway  
  26  3:50  Gateway  
  26  3:52  Pylon  
  26  4:03  Adept  
  22  4:26  Photon Cannon  
  22  4:28  Probe (Chrono Boost)  
  23  4:35  Probe (Chrono Boost)  
  23  4:36  Stalker  
  27  4:39  Probe (Chrono Boost)  
  27  4:43  Probe (Chrono Boost)  
  27  4:44  Shield Battery  
  27  4:45  Probe (Chrono Boost)  
  27  4:46  Shield Battery  
  27  4:48  Probe (Chrono Boost)  
  28  4:54  Shield Battery  
  28  4:55  Probe  
  28  4:58  Photon Cannon  
  28  4:59  Probe  
  30  5:06  Pylon  
  30  5:07  Probe  
  30  5:09  Stalker  
  30  5:11  Probe  
  34  5:27  Probe (Chrono Boost)  
  35  5:30  Stalker x2  
  40  5:36  Probe (Chrono Boost)  
  40  5:41  Probe (Chrono Boost)  
  40  5:45  Stalker  
  40  5:49  Protoss Ground Weapons Level 1  
  43  5:52  Assimilator  
  41  6:22  Stalker x3  
  47  6:29  Assimilator  
  47  6:32  Assimilator  
  47  7:00  Stalker x3  
  51  7:23  Probe  
  51  7:25  Probe  
  53  7:32  Stalker x3  
  53  7:36  Probe  
  60  7:37  Probe  
  61  7:48  Probe  
  61  8:05  Probe  
  61  8:10  Pylon x2  
  61  8:12  Pylon  
  61  8:13  Pylon  
  61  8:15  Pylon  
  61  8:16  Pylon  
  61  8:56  Stalker  
  61  8:57  Stalker x2  
  65  10:00  Stalker  
  65  10:01  Stalker x2  
  65  10:04  Protoss Ground Armor Level 1  
  71  11:20  Nexus  
  71  11:21  Probe  
  71  11:22  Pylon  
  71  11:24  Assimilator  
  71  11:25  Probe  
  73  11:27  Assimilator  
  73  11:31  Stalker x2  
  73  11:32  Stalker  
  79  11:33  Probe  
  79  11:37  Probe  
  81  11:45  Probe  
  82  11:49  Probe  
  83  11:56  Pylon  
  83  11:58  Probe  
  84  12:01  Probe  
  85  12:10  Probe  
  85  12:14  Probe  
  85  12:18  Stalker  
  85  12:19  Stalker x2  
  69  12:44  Pylon  
  69  12:47  Pylon  
  69  12:52  Pylon, Probe  
  69  12:53  Probe  
  69  12:55  Pylon, Probe  
  72  13:04  Probe  
  71  13:05  Probe  
  71  13:07  Probe  
  73  13:18  Twilight Council  
  73  13:19  Robotics Facility  
  73  13:21  Robotics Facility  
  73  13:23  Robotics Facility  
  73  13:25  Robotics Facility  
  73  13:26  Stalker x2  
  77  13:27  Stalker  
  77  13:31  Probe  
  77  13:33  Forge, Probe  
  81  13:34  Forge  
  81  13:43  Probe  
  81  13:45  Probe  
  83  13:57  Probe  
  83  13:58  Protoss Ground Armor Level 2 (Chrono Boost)  
  83  14:00  Templar Archives  
  83  14:02  Dark Shrine  
  84  14:03  Protoss Ground Weapons Level 2 (Chrono Boost), Protoss Shields Level 1 (Chrono Boost)  
  84  14:09  Stalker  
  86  14:10  Stalker x2  
  86  14:14  Immortal  
  86  14:15  Immortal x2  
  106  14:23  Robotics Bay  
  106  14:26  Charge  
  106  14:38  Immortal  
  106  14:46  Protoss Air Weapons Level 1  
  106  14:50  Psionic Storm  
  106  14:59  Nexus  
  106  15:01  Pylon  
  106  15:02  Assimilator  
  106  15:05  Assimilator  
  106  15:20  Immortal  
  106  15:21  Immortal x3  
  118  15:27  Probe  
  123  15:30  Probe  
  124  15:39  Probe  
  124  15:42  Probe  
  124  15:45  Stalker  
  124  15:46  Stalker x2  
  116  15:51  Probe  
  116  15:54  Probe  
  104  16:07  Blink  
  104  16:08  Colossus  
  104  16:09  Colossus x2, Immortal  
  110  16:16  Probe  
  88  16:28  Probe  
  88  16:31  Stalker  
  88  16:32  Stalker x2  
  95  16:40  Probe  
  90  16:57  Protoss Ground Weapons Level 3, Protoss Ground Armor Level 3  
  86  17:09  Extended Thermal Lance  
  86  17:11  Stalker x2  
  70  17:29  Probe  
  71  17:41  Probe  
  72  17:53  Probe  
  73  18:00  Gateway  
  73  18:02  Gateway  
  73  18:03  Gateway  
  73  18:04  Gateway  
  73  18:05  Probe  
  74  18:08  Gateway x2, Resonating Glaives  
  74  18:20  Warp Prism  
  76  18:40  Protoss Shields Level 2  
  76  18:51  Pylon  
  76  18:52  Pylon  
  76  18:55  Pylon  
  76  18:57  Pylon  
  76  19:02  Gateway  
  76  19:03  Gateway, Zealot x4  
  76  19:04  Zealot x2  
  88  19:13  Gateway  
  88  19:14  Gateway  
  88  19:16  Immortal x2  
  88  19:17  Immortal x2  
  104  19:22  Gateway  
  104  19:37  Zealot  
  104  19:38  Zealot x6  
  118  19:55  Colossus x4  
  142  20:13  High Templar  
  142  20:14  High Templar x7  
  148  20:15  High Templar x3  
  148  20:21  High Templar  
  166  20:33  Nexus  
  166  20:38  Assimilator  
  166  20:43  Assimilator  
  166  20:49  Stalker x3  
  172  20:50  Stalker x5  
  172  20:51  Stalker x3  
  188  21:25  Probe  
  189  21:30  Probe  
  190  21:37  Probe  
  191  21:42  Probe  
  178  21:49  Probe  
  176  21:54  Probe  
  172  22:56  Zealot x6  
  172  22:57  Zealot x6  
  192  23:07  Archon  
  192  23:08  Archon x3  
  192  23:09  Archon  
  178  23:25  Stalker x5  
  178  23:26  Stalker x5  
  196  23:27  Stalker x2  
  198  24:18  Stalker  
Show
View Real Time Build Order
Export as new Build Order

A.I. 1 (Very Hard) Protoss 

Build Orders: 1 Gate Expand 

Get SALT Encoding   

  12  0:01  Probe  
  13  0:13  Probe  
  14  0:21  Pylon  
  14  0:25  Probe  
  15  0:35  Probe  
  16  0:44  Probe  
  17  0:53  Gateway, Probe  
  18  1:01  Probe  
  18  1:09  Probe  
  18  1:10  Assimilator  
  19  1:15  Pylon  
  20  1:20  Probe  
  21  1:35  Nexus  
  21  1:45  Cybernetics Core  
  21  1:48  Zealot  
  23  1:59  Probe  
  24  2:03  Gateway  
  24  2:07  Probe  
  24  2:14  Pylon  
  25  2:17  Zealot  
  25  2:19  Warp Gate, Probe  
  28  2:31  Probe  
  28  2:34  Assimilator  
  29  2:40  Probe  
  29  2:43  Adept  
  1  4:14  Probe  
  2  4:49  Probe  
  3  5:09  Probe  
  4  5:25  Probe  
  5  5:42  Probe  
  6  7:03  Pylon  
  6  7:14  Probe  
  6  7:15  Probe  
  6  7:23  Probe x2  
  4  7:31  Probe  
  6  7:42  Probe  
  4  7:54  Probe  
  5  8:06  Probe  
  6  8:18  Probe  
  6  8:30  Probe  
  2  8:42  Probe  
Show
View Real Time Build Order
Export as new Build Order

WheresWaldo Protoss - Winner!

Build Orders: Cannon Rush 

Get SALT Encoding   

  12  0:16  Pylon  
  12  0:29  Probe (Chrono Boost)  
  13  0:39  Probe (Chrono Boost)  
  13  0:41  Forge  
  14  0:44  Probe (Chrono Boost)  
  15  0:56  Probe (Chrono Boost)  
  16  1:08  Probe (Chrono Boost)  
  17  1:16  Probe (Chrono Boost)  
  18  1:28  Photon Cannon  
  18  1:33  Gateway  
  18  1:38  Photon Cannon  
  18  1:46  Photon Cannon  
  18  1:52  Photon Cannon  
  18  1:56  Photon Cannon  
  18  2:04  Photon Cannon  
  18  2:12  Photon Cannon  
  18  2:18  Assimilator  
  18  3:02  Pylon  
  18  3:13  Nexus  
  18  3:20  Probe (Chrono Boost)  
  18  3:24  Assimilator  
  19  3:30  Probe (Chrono Boost)  
  20  3:35  Probe (Chrono Boost)  
  21  3:55  Pylon  
  21  4:13  Pylon  
  21  4:17  Photon Cannon  
  21  4:18  Photon Cannon  
  21  4:20  Photon Cannon  
  21  4:22  Photon Cannon  
  21  4:28  Photon Cannon  
  21  4:31  Photon Cannon  
  20  4:49  Probe (Chrono Boost)  
  21  4:59  Probe (Chrono Boost)  
  23  5:00  Probe (Chrono Boost)  
  23  5:03  Zealot  
  27  5:07  Probe (Chrono Boost)  
  27  5:08  Probe (Chrono Boost)  
  27  5:12  Probe (Chrono Boost)  
  28  5:16  Probe  
  29  5:28  Probe  
  30  5:30  Zealot  
  32  5:50  Probe  
  33  5:58  Zealot  
  35  6:05  Probe (Chrono Boost)  
  36  6:15  Probe (Chrono Boost)  
  37  6:20  Probe (Chrono Boost)  
  37  6:25  Zealot  
  40  6:31  Photon Cannon x2, Probe  
  41  6:34  Photon Cannon  
  41  6:37  Photon Cannon  
  41  6:38  Photon Cannon  
  41  6:48  Pylon  
  41  7:10  Photon Cannon  
  41  7:11  Photon Cannon  
  41  7:14  Photon Cannon  
  41  7:17  Photon Cannon  
  41  7:35  Pylon  
  41  7:57  Nexus  
  41  8:11  Photon Cannon  
  41  8:19  Photon Cannon  
  41  8:22  Probe (Chrono Boost)  
  42  8:33  Probe (Chrono Boost)  
  43  8:38  Pylon, Probe (Chrono Boost)  
  43  8:39  Pylon  
  44  8:48  Cybernetics Core  
  44  8:49  Probe  
  45  8:55  Pylon  
  45  8:56  Pylon  
  45  8:58  Pylon  
  45  8:59  Pylon  
  45  9:01  Probe  
  46  9:07  Photon Cannon  
  46  9:11  Protoss Shields Level 1  
  46  9:34  Probe  
  47  9:42  Assimilator  
  47  9:47  Probe  
  47  9:48  Assimilator  
  48  9:59  Probe  
  49  10:15  Stargate x2  
  49  10:18  Stargate  
  49  10:19  Stargate  
  49  10:21  Stargate  
  49  10:27  Twilight Council, Robotics Facility  
  49  10:37  Probe (Chrono Boost)  
  49  10:41  Protoss Air Weapons Level 1  
  50  10:49  Probe (Chrono Boost)  
  51  10:53  Probe (Chrono Boost)  
  51  11:26  Void Ray (Chrono Boost)  
  51  11:27  Void Ray x2 (Chrono Boost)  
  51  11:29  Void Ray (Chrono Boost)  
  51  11:31  Void Ray (Chrono Boost)  
  71  12:01  Void Ray x2 (Chrono Boost)  
  71  12:02  Void Ray x3 (Chrono Boost)  
  91  12:16  Photon Cannon x2  
  91  12:19  Photon Cannon  
  91  12:20  Photon Cannon  
  91  12:25  Protoss Shields Level 2  
  83  12:50  Protoss Air Armor Level 1  
  79  13:04  Void Ray  
  79  13:05  Void Ray x2  
  87  14:10  Robotics Bay  
  87  14:11  Fleet Beacon  
  87  14:47  Probe  
  88  15:37  Nexus  
  88  15:42  Nexus  
  88  15:46  Assimilator  
  88  15:51  Assimilator  
  88  15:56  Assimilator  
  88  16:00  Assimilator  
  88  16:35  Flux Vanes  
  88  16:41  Protoss Shields Level 3  
  88  16:46  Probe  
  89  16:56  Protoss Air Weapons Level 2  
  89  16:57  Probe  
  89  16:58  Probe  
  89  17:00  Probe  
  92  17:09  Probe  
  92  17:10  Probe  
  92  17:12  Probe  
  95  17:21  Probe  
  95  17:22  Probe  
  97  17:25  Probe  
  98  17:32  Anion Pulse-Crystals  
  98  17:34  Probe  
  99  18:18  Void Ray x3  
  99  18:19  Void Ray x2  
  119  18:30  Probe  
  120  18:42  Probe (Chrono Boost)  
  120  18:46  Probe (Chrono Boost)  
  122  18:53  Probe (Chrono Boost)  
  122  18:55  Void Ray  
  124  18:56  Probe (Chrono Boost)  
  124  18:58  Probe (Chrono Boost)  
  129  19:08  Probe  
  130  19:18  Probe (Chrono Boost)  
  130  19:20  Protoss Air Armor Level 2  
  132  19:26  Probe (Chrono Boost)  
  132  19:41  Pylon x2  
  132  19:42  Pylon  
  132  19:44  Pylon  
  132  19:45  Pylon  
  132  19:46  Pylon  
  132  19:50  Pylon  
  132  19:51  Pylon  
  132  19:53  Pylon, Void Ray x3  
  132  19:54  Void Ray x2  
  132  19:59  Probe  
  153  20:11  Probe  
  153  20:13  Extended Thermal Lance  
  154  20:16  Unknown  
  154  20:23  Probe  
  155  20:30  Void Ray x2  
  155  20:32  Void Ray  
  155  20:35  Probe  
Show
View Real Time Build Order
Export as new Build Order

A.I. 3 (Very Hard) Zerg 

Build Orders: Pool First 

Get SALT Encoding   

  12  0:01  Drone  
  13  0:12  Overlord  
  13  0:18  Drone  
  14  0:31  Drone  
  15  0:39  Spawning Pool  
  15  0:41  Drone  
  15  0:45  Drone  
  17  0:50  Drone  
  17  0:52  Extractor  
  17  0:56  Drone  
  17  1:06  Drone  
  18  1:17  Drone  
  19  1:29  Queen, Roach Warren  
  19  1:31  Drone  
  21  1:39  Zergling x2  
  22  1:50  Overlord  
  22  2:00  Overlord  
  22  2:11  Roach  
  24  2:21  Roach  
  26  2:32  Roach  
  26  2:36  Roach x3  
  35  2:44  Zergling x2  
  35  2:50  Metabolic Boost  
  35  2:55  Zergling x2  
  36  3:05  Zergling x2  
  37  3:08  Zergling x2, Overlord  
  38  3:26  Zergling x2  
  38  3:27  Zergling x2  
  40  3:28  Zergling x2  
  41  3:38  Extractor, Lair  
  41  3:39  Drone, Overlord  
  41  3:40  Drone  
  41  3:51  Drone  
  42  4:00  Drone  
  43  4:11  Drone  
  43  4:13  Drone  
  43  4:14  Drone  
  43  4:15  Overlord  
  46  4:25  Drone  
  47  4:35  Drone  
  46  4:38  Hydralisk Den  
  46  4:43  Drone  
  46  4:45  Drone  
  45  4:46  Roach  
  45  4:47  Roach  
  45  4:57  Roach  
  45  5:08  Hydralisk  
  45  5:13  Hydralisk  
  47  5:14  Roach, Hydralisk  
  47  5:20  Roach  
  51  5:30  Roach  
  53  5:41  Roach  
  55  5:47  Overlord  
  55  5:48  Infestation Pit  
  54  5:50  Drone  
  54  5:54  Zergling x2  
  58  5:57  Roach  
  60  6:04  Roach  
  60  6:14  Roach  
  60  6:18  Roach  
  64  6:19  Overlord, Roach  
  66  6:26  Roach  
  68  6:37  Roach  
  70  6:43  Hatchery  
  69  6:48  Overlord  
  69  6:50  Drone  
  69  6:51  Zergling x2  
  69  6:52  Zergling x2  
  72  7:00  Zergling x2  
  73  7:10  Overseer  
  73  7:11  Zergling x2  
  74  7:22  Infestor  
  74  7:23  Overlord  
  74  7:24  Infestor  
  78  7:34  Roach  
  80  7:45  Roach  
  82  7:55  Roach  
  82  7:56  Overlord  
  82  7:57  Roach  
  86  7:59  Drone  
  86  8:01  Roach  
  89  8:06  Drone  
  89  8:08  Drone  
  89  8:11  Extractor  
  90  8:15  Extractor  
  90  8:16  Drone  
  90  8:19  Drone  
  91  8:23  Hive  
  91  8:25  Overlord  
  91  8:27  Roach  
  93  8:28  Drone  
  93  8:30  Drone  
  93  8:32  Drone  
  96  8:34  Spire  
  96  8:38  Drone  
  96  8:42  Drone  
  97  8:49  Drone  
  97  8:53  Drone  
  99  8:57  Overlord  
  99  8:58  Drone  
  99  9:01  Drone  
  101  9:03  Drone  
  101  9:06  Drone  
  103  9:11  Drone  
  103  9:15  Drone  
  105  9:21  Drone  
  105  9:22  Baneling Nest  
  105  9:27  Drone  
  105  9:28  Overlord  
  105  9:29  Drone  
  105  9:30  Drone  
  108  9:33  Drone  
  108  9:37  Drone  
  110  9:43  Drone  
  111  9:48  Drone  
  111  9:49  Greater Spire  
  111  9:52  Corruptor  
  112  9:58  Drone  
  116  10:00  Drone  
  116  10:01  Drone, Overlord  
  116  10:03  Drone  
  116  10:06  Baneling  
  118  10:07  Baneling  
  118  10:09  Baneling x2  
  118  10:10  Baneling  
  118  10:11  Zergling x2  
  119  10:16  Zergling x2  
  119  10:21  Zergling x2, Overseer  
  121  10:27  Overlord  
  121  10:34  Mutalisk  
  123  10:36  Mutalisk  
  123  10:39  Mutalisk  
  123  10:41  Evolution Chamber  
  123  10:42  Drone  
  127  10:45  Mutalisk  
  127  10:47  Overlord  
  129  10:50  Spine Crawler  
  129  10:57  Hydralisk  
  128  10:58  Drone  
  128  10:59  Spine Crawler  
  130  11:05  Drone  
  130  11:08  Overlord  
  130  11:10  Ultralisk Cavern  
  130  11:12  Drone  
  130  11:28  Overlord  
  130  11:31  Mutalisk  
  130  11:32  Evolution Chamber  
  131  11:33  Mutalisk  
  131  11:37  Mutalisk  
  131  11:39  Baneling  
  135  11:41  Zergling x2  
  135  11:42  Zerg Melee Weapons Level 1  
  135  11:43  Mutalisk  
  135  11:45  Zergling x2  
  135  11:46  Ravager  
  135  11:47  Overlord, Roach  
  141  11:53  Mutalisk  
  143  11:57  Ultralisk  
  143  11:58  Zerg Missile Weapons Level 1  
  149  12:13  Ultralisk  
  155  12:15  Overlord  
  155  12:31  Ultralisk  
  155  12:36  Overseer, Overlord  
  161  12:42  Overseer  
  143  12:59  Hydralisk  
  143  13:01  Zergling x2  
  143  13:02  Evolution Chamber, Hydralisk  
  128  13:05  Hydralisk  
  128  13:07  Queen  
  128  13:08  Spine Crawler  
  128  13:09  Hydralisk  
  114  13:13  Roach  
  114  13:14  Spine Crawler  
  114  13:15  Roach  
  114  13:18  Roach  
  114  13:19  Baneling  
  103  13:20  Baneling  
  103  13:22  Spore Crawler  
  103  13:24  Roach  
  100  13:28  Spore Crawler  
  100  13:30  Roach  
  100  13:31  Roach  
  103  13:34  Roach  
  103  13:38  Roach  
  103  13:39  Hatchery  
  107  13:41  Drone  
  107  13:42  Roach  
  107  13:44  Roach  
  107  13:46  Roach  
  107  13:48  Roach  
  115  13:50  Baneling  
  115  13:51  Baneling  
  115  13:52  Zergling x2  
  115  13:53  Baneling x2  
  115  13:55  Zergling x2  
  117  14:02  Roach  
  119  14:05  Roach  
  119  14:09  Hatchery  
  120  14:14  Roach  
  120  14:15  Roach  
  120  14:16  Roach  
  126  14:17  Roach  
  126  14:18  Roach  
  126  14:23  Mutalisk  
  132  14:27  Mutalisk  
  134  14:35  Mutalisk  
  136  14:39  Mutalisk  
  136  14:43  Zergling x2  
  136  14:44  Zergling x2  
  140  14:46  Zergling x2  
  140  14:48  Zergling x2  
  140  14:50  Zergling x2  
  140  14:51  Zergling x2  
  144  14:53  Zergling x2  
  144  14:54  Zergling x2  
  144  14:56  Ultralisk  
  152  15:03  Spore Crawler  
  152  15:05  Queen  
  153  15:12  Spore Crawler  
  152  15:17  Ultralisk  
  158  15:23  Queen  
  158  15:24  Drone  
  158  15:26  Overseer, Drone  
  158  15:27  Drone  
  163  15:29  Drone  
  163  15:31  Drone  
  163  15:33  Drone  
  163  15:34  Pneumatized Carapace  
  166  15:37  Extractor  
  162  15:45  Zergling x2  
  162  15:48  Zergling x2  
  129  15:51  Zergling x2, Hydralisk  
  129  15:53  Zergling x4  
  129  15:54  Zergling x2  
  129  15:56  Zergling x2  
  129  15:57  Hydralisk  
  123  16:00  Zergling x2  
  123  16:01  Drone  
  123  16:02  Zergling x2  
  123  16:03  Drone, Hydralisk  
  97  16:06  Zergling x2  
  97  16:07  Hatchery  
  97  16:08  Roach  
  97  16:10  Roach  
  91  16:11  Roach  
  91  16:13  Roach  
  91  16:16  Hydralisk  
  97  16:20  Baneling  
  97  16:22  Baneling  
  97  16:31  Roach  
  99  16:33  Baneling x2  
  99  16:35  Baneling  
  99  16:36  Baneling, Roach  
  99  16:39  Roach  
  103  16:41  Roach  
  103  16:44  Roach  
  103  16:46  Roach  
  111  16:47  Roach  
  111  16:50  Roach  
  111  16:52  Roach  
  115  16:54  Roach  
  115  16:56  Roach  
  115  16:59  Roach  
  123  17:01  Roach  
  123  17:03  Roach  
  123  17:05  Roach  
  127  17:08  Roach  
  129  17:24  Drone  
  129  17:27  Drone  
  129  17:28  Ultralisk  
  129  17:29  Drone  
  138  17:30  Queen  
  138  17:31  Drone  
  138  17:34  Drone  
  138  17:36  Drone  
  143  17:37  Drone  
  143  17:39  Drone  
  143  17:40  Drone  
  143  17:41  Drone  
  143  17:42  Drone  
  143  17:44  Drone x2  
  149  17:45  Drone  
  149  17:46  Drone, Mutalisk  
  149  17:47  Mutalisk  
  156  17:57  Mutalisk  
  158  18:04  Hydralisk  
  160  18:10  Extractor  
  160  18:11  Hydralisk  
  161  18:13  Overlord  
  161  18:15  Spine Crawler  
  161  18:19  Drone  
  158  18:20  Spine Crawler  
  158  18:21  Mutalisk  
  158  18:24  Drone  
  158  18:25  Drone  
  158  18:26  Drone, Spine Crawler  
  157  18:27  Drone  
  157  18:29  Drone  
  157  18:30  Drone  
  157  18:32  Drone  
  159  18:35  Mutalisk  
  159  18:36  Drone  
  159  18:37  Overlord  
  159  18:41  Overseer  
  161  18:44  Drone  
  161  18:45  Spine Crawler  
  161  18:48  Overseer  
  161  19:03  Mutalisk  
  163  19:15  Drone  
  163  19:16  Mutalisk  
  165  19:27  Mutalisk  
  167  19:40  Mutalisk  
  167  19:41  Overlord  
  167  19:44  Drone  
  165  19:52  Mutalisk  
  161  19:59  Zergling x2  
  164  20:04  Overseer  
  160  20:11  Mutalisk  
  162  20:22  Overlord  
  162  20:26  Mutalisk  
  158  20:33  Hydralisk  
  156  20:39  Hydralisk  
  133  20:45  Zergling x2  
  133  20:46  Hydralisk  
  133  20:47  Zergling x2  
  133  20:51  Hydralisk  
  133  20:54  Zergling x2  
  131  20:57  Hydralisk  
  131  21:01  Baneling  
  133  21:04  Hatchery, Roach  
  133  21:06  Overlord  
  133  21:07  Roach  
  133  21:11  Spore Crawler  
  135  21:12  Roach  
  135  21:13  Roach  
  135  21:17  Spore Crawler  
  137  21:23  Zergling x2  
  137  21:24  Hydralisk  
  127  21:25  Zergling x2  
  127  21:26  Zergling x2  
  110  21:33  Zergling x2  
  110  21:35  Spine Crawler, Hydralisk  
  110  21:37  Zergling x2  
  110  21:39  Zergling x2  
  86  21:40  Hydralisk  
  86  21:43  Zergling x2  
  86  21:44  Zergling x2  
  86  21:46  Zergling x2  
  87  21:49  Hydralisk  
  87  21:50  Drone  
  86  21:54  Drone  
  86  21:55  Drone  
  86  21:57  Drone x2  
  86  21:59  Drone x2  
  86  22:00  Drone  
  86  22:01  Drone  
  86  22:02  Drone  
  86  22:04  Drone  
  86  22:05  Drone  
  86  22:06  Drone  
  86  22:07  Drone  
  86  22:08  Drone  
  88  22:09  Drone  
  88  22:11  Roach  
  88  22:12  Hydralisk  
  92  22:19  Drone  
  92  22:20  Drone  
  92  22:21  Drone  
  92  22:22  Drone x2  
  86  22:23  Drone  
  86  22:24  Drone  
  86  22:25  Drone  
  86  22:26  Drone  
  86  22:28  Drone  
  85  22:37  Drone  
  85  22:39  Drone  
  85  22:40  Drone  
  85  22:41  Drone  
  85  22:43  Drone  
  86  22:49  Zergling x2  
  76  22:51  Zergling x2  
  76  22:53  Drone  
  78  23:11  Zergling x2  
  78  23:12  Hatchery  
  70  23:13  Zergling x2  
  70  23:15  Drone  
  70  23:16  Zergling x2  
  70  23:17  Zergling x2  
  70  23:18  Zergling x2  
  70  23:19  Zergling x2  
  60  23:20  Zergling x2  
  60  23:21  Zergling x2  
  60  23:22  Zergling x2  
  60  23:28  Drone  
  60  23:29  Zergling x2  
  53  23:34  Drone  
  53  23:35  Drone x2  
  53  23:36  Drone x2  
  53  23:37  Drone  
  34  23:43  Drone  
Show
View Real Time Build Order
Export as new Build Order

CmdrBeaumont Terran - Winner!

Build Orders:  

Get SALT Encoding   

  12  0:01  SCV  
  13  0:15  Refinery  
  13  0:18  SCV  
  14  0:30  SCV  
  14  0:34  Refinery  
  15  1:00  Supply Depot  
  15  1:21  SCV  
  15  1:22  Supply Depot  
  16  1:33  SCV  
  17  1:44  Supply Depot  
  17  1:46  SCV, Barracks  
  18  1:58  SCV  
  19  2:05  Barracks  
  19  2:06  Supply Depot  
  19  2:15  SCV  
  20  2:28  SCV  
  21  2:40  SCV  
  21  2:43  Marine  
  23  2:54  Marine  
  23  3:01  Marine  
  24  3:10  Bunker  
  24  3:12  Marine  
  25  3:18  Marine  
  26  3:29  Marine  
  27  3:36  Marine  
  28  3:47  Marine  
  29  3:54  Marine  
  27  4:05  Marine  
  28  4:12  Marine  
  28  4:14  Engineering Bay  
  29  4:23  Marine  
  30  4:27  Bunker  
  23  4:41  Marine  
  23  4:43  Marine  
  21  4:57  Factory  
  21  4:59  Marine  
  22  5:01  Marine  
  20  5:16  Marine  
  20  5:18  Marine  
  20  5:31  Terran Infantry Weapons Level 1  
  20  5:34  Marine  
  21  5:36  SCV  
  21  5:37  Reaper  
  21  5:45  Factory Tech Lab  
  21  5:48  SCV  
  22  5:51  Starport  
  22  6:00  SCV  
  22  6:04  Siege Tank  
  22  6:09  Reaper  
  25  6:12  SCV  
  26  6:25  Supply Depot  
  26  6:36  Siege Tank  
  29  6:40  Marine  
  30  6:58  Marine  
  31  7:08  Siege Tank  
  34  7:16  Reaper  
  35  7:24  Bunker  
  35  7:48  Marine  
  36  7:53  Sensor Tower  
  36  8:03  Neosteel Armor  
  36  8:11  Marine  
  37  8:20  Sensor Tower  
  37  8:27  Starport  
  37  8:28  Marine  
  38  8:44  Command Center  
  38  8:46  Marine  
  39  9:04  Marine, Starport  
  40  9:10  Missile Turret  
  40  9:20  Starport Tech Lab  
  40  9:22  Marine, Starport Tech Lab  
  41  9:26  Siege Tank  
  44  9:40  Marine  
  44  9:41  Starport  
  44  9:44  Hi-Sec Auto Tracking  
  44  9:45  Starport Tech Lab  
  45  9:56  Fusion Core  
  45  10:00  Siege Tank  
  48  10:11  Missile Turret  
  48  10:37  Marine  
  49  10:50  Orbital Command  
  49  10:54  Marine  
  50  11:11  Orbital Command  
  50  11:12  Marine  
  51  11:19  Siege Tank  
  54  11:30  Marine  
  55  11:48  Marine  
  55  11:51  Siege Tank  
  59  12:02  Supply Depot  
  59  12:24  Supply Depot  
  59  12:34  SCV  
  60  12:46  SCV  
  60  12:47  Supply Depot  
  61  12:58  SCV  
  62  13:03  Battlecruiser  
  68  13:10  Supply Depot  
  68  13:16  Weapon Refit  
  68  13:32  Supply Depot  
  68  13:56  Supply Depot, Battlecruiser  
  68  13:57  Battlecruiser  
  68  13:58  Starport Tech Lab  
  80  14:07  Battlecruiser  
  86  14:19  Supply Depot  
  86  14:31  Command Center  
  86  15:01  Battlecruiser x2  
  98  15:26  SCV  
  99  15:33  Refinery  
  99  15:35  Refinery  
  99  15:38  SCV  
  100  15:50  SCV  
  101  16:02  SCV  
  102  16:14  SCV  
  103  16:39  Medivac  
  105  16:41  Medivac  
  105  16:46  Orbital Command  
  107  20:52  Battlecruiser x2  
  107  20:55  Battlecruiser  
  125  20:57  Battlecruiser  
  131  21:55  Viking  
  191  22:37  Orbital Command  
Show
View Real Time Build Order
Export as new Build Order

A.I. 5 (Very Hard) Protoss 

Build Orders:  

Get SALT Encoding   

  12  0:01  Probe  
  13  0:13  Probe  
  14  0:21  Pylon  
  14  0:25  Probe  
  15  0:35  Probe  
  16  0:43  Probe  
  16  0:49  Assimilator  
  17  0:52  Probe  
  17  0:53  Gateway  
  18  1:01  Probe  
  18  1:05  Pylon  
  18  1:09  Probe  
  20  1:19  Probe  
  21  1:31  Probe  
  22  1:41  Zealot  
  22  1:43  Probe  
  25  1:50  Nexus  
  25  2:00  Cybernetics Core  
  25  2:13  Gateway  
  25  2:18  Zealot  
  25  2:20  Pylon  
  27  2:24  Probe  
  27  2:29  Warp Gate  
  28  2:36  Probe  
  29  2:37  Assimilator  
  29  2:45  Adept  
  29  2:48  Probe  
  32  2:58  Probe  
  32  3:00  Adept, Probe  
  36  3:09  Pylon  
  36  3:15  Adept  
  38  3:21  Probe  
  38  3:23  Probe  
  40  3:30  Stalker  
  40  3:33  Probe  
  43  3:35  Probe  
  43  3:40  Robotics Facility  
  44  3:45  Probe  
  44  3:47  Probe  
  44  3:48  Adept  
  47  3:52  Adept  
  47  3:57  Probe  
  47  3:59  Probe  
  51  4:07  Probe  
  52  4:11  Probe  
  52  4:13  Pylon  
  52  4:15  Probe  
  53  4:23  Probe x2  
  55  4:27  Stalker  
  55  4:29  Immortal  
  62  4:35  Probe  
  62  4:36  Probe  
  62  4:38  Stalker  
  62  4:43  Pylon  
  62  4:47  Probe  
  62  4:48  Probe  
  62  4:50  Zealot  
  66  4:57  Robotics Facility  
  66  5:02  Stalker  
  66  5:06  Probe  
  69  5:08  Probe, Immortal  
  74  5:20  Pylon  
  74  5:24  Sentry  
  74  5:25  Forge, Zealot  
  78  5:31  Twilight Council, Probe  
  71  5:53  Assimilator  
  71  5:56  Assimilator  
  69  6:06  Zealot  
  69  6:07  Gateway  
  69  6:09  Zealot  
  69  6:10  Templar Archives  
  71  6:17  Probe  
  70  6:18  Photon Cannon  
  70  6:19  Probe  
  70  6:21  Zealot  
  71  6:26  Pylon  
  71  6:29  Probe  
  71  6:31  Probe  
  73  6:38  Adept  
  75  6:42  Probe  
  75  6:43  Stalker  
  75  6:44  Probe  
  79  6:58  Pylon, Zealot  
  79  7:01  Zealot  
  83  7:06  Stalker  
  85  7:10  Observer  
  86  7:18  Zealot  
  86  7:22  Forge, Sentry  
  90  7:29  Zealot  
  92  7:32  Adept  
  94  7:39  Pylon  
  92  7:45  High Templar  
  92  7:46  Sentry  
  92  7:48  Pylon  
  92  7:49  High Templar  
  92  7:51  Immortal  
  92  8:02  Gateway  
  90  8:10  Zealot  
  90  8:11  Warp Prism  
  90  8:12  Robotics Bay  
  90  8:18  Archon  
  90  8:19  Adept  
  92  8:23  High Templar  
  96  8:30  Pylon  
  96  8:31  Sentry  
  98  8:36  Photon Cannon  
  98  8:40  Zealot  
  100  8:45  Pylon  
  100  8:54  Zealot  
  102  8:55  Zealot  
  102  8:56  Zealot  
  102  9:01  Colossus  
  112  9:03  High Templar  
  114  9:11  Gateway  
  114  9:15  Nexus, Zealot  
  116  9:18  Zealot  
  116  9:19  Zealot  
  120  9:26  Stargate  
  120  9:34  Archon  
  120  9:35  Stalker  
  120  9:37  Zealot  
  124  9:38  Stalker  
  124  9:42  High Templar  
  128  9:56  High Templar  
  128  9:58  Zealot  
  132  10:01  Pylon  
  132  10:04  Zealot  
  134  10:07  Archon  
  134  10:08  Protoss Ground Weapons Level 1  
  134  10:19  Phoenix, Stalker  
  134  10:20  High Templar  
  140  10:21  High Templar  
  140  10:27  Stalker  
  144  10:30  Colossus, Probe  
  144  10:31  Pylon, Probe  
  144  10:32  Zealot  
  144  10:33  Probe  
  149  10:38  Stalker  
  149  10:42  Probe  
  152  10:44  Probe  
  152  10:46  Zealot  
  155  10:52  Assimilator, Probe  
  155  10:53  Zealot  
  155  10:55  Probe  
  155  10:56  Probe  
  160  10:58  Stalker  
  160  11:01  Observer  
  160  11:03  Observer  
  162  11:04  Probe  
  162  11:08  Probe  
  162  11:10  Probe  
  163  11:12  Pylon  
  163  11:15  Assimilator  
  163  11:19  Probe  
  163  11:20  Probe, Warp Prism  
  165  11:29  Probe  
  166  11:34  Probe x2  
  166  11:36  Zealot  
  166  11:38  Zealot, Probe  
  173  11:50  Pylon  
  171  11:54  Zealot  
  171  11:58  Zealot  
  171  11:59  Zealot  
  171  12:00  Zealot  
  171  12:02  Zealot  
  169  12:14  Stalker  
  165  12:15  Immortal  
  165  12:17  Immortal  
  165  12:18  Stalker  
  165  12:19  Sentry  
  165  12:20  Phoenix  
  165  12:22  Zealot  
  145  12:23  Stalker  
  111  12:40  Pylon, Phoenix  
  111  12:41  Stalker  
  111  12:42  Stalker  
  111  12:43  Stalker  
  117  12:45  Adept  
  117  12:46  Zealot  
  123  12:55  Immortal  
  123  12:57  Immortal  
  131  12:59  Adept  
  131  13:01  High Templar  
  131  13:04  Zealot  
  131  13:05  Phoenix  
  137  13:06  Zealot  
  137  13:07  High Templar  
  143  13:21  Pylon  
  143  13:22  Zealot  
  143  13:24  Void Ray  
  143  13:25  Photon Cannon, Stalker, Immortal  
  143  13:26  Stalker  
  149  13:31  Photon Cannon  
  149  13:33  Zealot  
  159  13:35  Archon  
  159  13:41  Zealot  
  159  13:42  High Templar  
  159  13:45  Zealot  
  159  13:46  Photon Cannon  
  165  13:49  Pylon  
  165  13:50  Zealot  
  165  13:53  Zealot  
  169  13:58  High Templar  
  169  13:59  Photon Cannon  
  169  14:01  Zealot  
  173  14:07  Phoenix  
  175  14:13  Photon Cannon, Zealot  
  175  14:14  Sentry, Zealot  
  181  14:17  Pylon  
  181  14:26  Phoenix  
  181  14:37  Void Ray  
  181  14:40  Photon Cannon  
  181  14:45  Photon Cannon  
  179  14:49  Photon Cannon, Immortal  
  181  15:09  Void Ray  
  185  15:39  Photon Cannon  
  181  15:43  Adept  
  181  15:45  Zealot  
  181  15:47  Phoenix, Zealot  
  181  15:48  Stalker  
  177  15:50  Zealot  
  173  16:02  Zealot  
  173  16:03  Colossus  
  167  16:05  Zealot  
  167  16:06  Zealot  
  167  16:10  Colossus  
  163  16:11  Zealot  
  163  16:12  Nexus, Stalker  
  163  16:13  Phoenix  
  163  16:17  Zealot  
  163  16:28  Zealot  
  163  16:30  Zealot  
  163  16:32  Zealot  
  157  16:35  Adept  
  157  16:38  Stalker, Phoenix  
  159  16:49  Photon Cannon  
  159  16:51  Colossus  
  159  16:52  High Templar  
  159  16:53  Zealot  
  161  16:54  Zealot  
  161  16:56  Zealot  
  161  16:57  Void Ray  
  167  17:01  Sentry  
  165  17:08  Zealot  
  165  17:13  Zealot  
  157  17:16  Zealot  
  157  17:18  Immortal  
  158  17:25  Zealot  
  158  17:27  Zealot  
  158  17:28  Adept  
  158  17:34  Zealot  
  160  17:38  High Templar, Zealot  
  160  17:40  Phoenix  
  160  17:41  Colossus  
  166  17:48  Zealot  
  166  17:50  Zealot  
  164  17:55  Zealot  
  164  17:58  Observer  
  153  18:00  High Templar  
  153  18:01  Assimilator  
  153  18:02  Adept  
  133  18:05  Phoenix  
  133  18:07  Zealot  
  133  18:08  Pylon  
  133  18:09  Zealot  
  133  18:10  Assimilator, Zealot  
  137  18:18  Stalker  
  137  18:19  Immortal  
  143  18:23  Void Ray  
  143  18:24  Immortal  
  143  18:26  Zealot x2  
  147  18:30  Sentry  
  147  18:32  Sentry  
  159  18:42  Archon  
  159  18:43  Adept  
  159  18:47  Zealot  
  163  18:48  Zealot  
  163  18:52  Void Ray  
  163  18:54  High Templar  
  167  18:56  Zealot  
  169  19:04  Zealot  
  169  19:06  Photon Cannon  
  175  19:10  Zealot  
  175  19:11  High Templar  
  175  19:15  Pylon  
  179  19:17  Stalker  
  179  19:19  Stalker  
  179  19:23  Archon  
  183  19:25  Stalker  
  183  19:27  Void Ray  
  183  19:30  Stalker  
  190  19:41  High Templar  
  190  19:42  Photon Cannon  
  190  19:44  High Templar  
  194  19:49  Photon Cannon  
  194  19:55  Photon Cannon  
  194  20:02  Phoenix  
  192  20:08  Stalker  
  191  20:17  Probe  
  191  20:20  Void Ray, Probe  
  181  20:23  Probe  
  174  20:29  Probe  
  174  20:32  Probe  
  176  20:35  Probe  
  176  20:41  Probe  
  178  20:44  Probe  
  178  20:48  Probe  
  176  20:53  Adept, Colossus, Probe  
  176  20:55  Phoenix, Zealot  
  176  20:56  Zealot  
  171  20:57  Zealot  
  171  20:58  Zealot  
  171  21:02  Probe  
  161  21:15  Zealot  
  161  21:16  Zealot  
  161  21:17  Zealot, Probe  
  161  21:18  Zealot  
  169  21:19  Zealot  
  169  21:21  Phoenix  
  173  21:35  Zealot  
  173  21:36  Zealot  
  173  21:39  Zealot  
  178  21:40  Void Ray  
  178  21:41  Zealot  
  178  21:45  Stalker  
  178  21:46  Observer  
  120  21:56  Zealot  
  120  21:58  Zealot  
  120  22:00  Stalker  
  116  22:02  Stalker  
  116  22:07  Probe  
  116  22:08  Probe  
  93  22:09  Adept  
  93  22:14  Zealot  
  61  22:16  Zealot  
  28  22:22  Zealot  
  28  22:23  Phoenix, Probe  
  20  22:35  Probe  
  12  22:38  Sentry  
  12  22:43  Adept, High Templar  
  18  22:47  Probe  
  15  22:58  Probe  
  16  23:06  Probe  
  15  23:14  Probe  
  16  23:26  Probe  
  17  23:36  Nexus  
  7  24:04  Nexus  
Show
View Real Time Build Order
Export as new Build Order

SlushyStar Protoss - Winner!

Build Orders: Carriers 

Get SALT Encoding   

  12  0:02  Probe  
  13  0:32  Probe  
  14  0:37  Pylon  
  14  0:44  Probe  
  15  0:52  Pylon  
  15  0:55  Pylon  
  15  0:56  Probe  
  16  0:59  Pylon  
  16  1:12  Gateway  
  16  1:22  Probe  
  17  1:33  Assimilator  
  17  1:34  Probe  
  18  1:40  Assimilator  
  18  1:46  Probe  
  19  1:54  Pylon  
  19  1:58  Probe  
  20  2:04  Forge, Zealot  
  22  2:10  Probe  
  23  2:26  Cybernetics Core  
  23  2:31  Zealot  
  25  2:58  Zealot  
  27  3:02  Warp Gate (Chrono Boost)  
  27  3:44  Photon Cannon  
  27  3:45  Photon Cannon  
  27  3:47  Photon Cannon  
  27  3:49  Photon Cannon  
  27  4:08  Stargate  
  27  4:47  Stargate  
  27  4:51  Stalker  
  29  5:05  Gateway  
  29  5:12  Shield Battery  
  29  5:25  Void Ray  
  29  5:29  Void Ray  
  37  5:51  Stalker  
  39  6:28  Stargate  
  39  7:21  Stalker  
  41  7:24  Stalker  
  43  7:39  Probe  
  43  7:42  Protoss Air Weapons Level 1  
  45  7:51  Probe  
  45  7:55  Nexus  
  45  8:01  Sentry  
  45  8:04  Stalker  
  49  8:14  Protoss Shields Level 1  
  49  8:31  Pylon  
  49  8:35  Pylon  
  49  8:37  Pylon  
  49  8:41  Pylon  
  49  8:45  Pylon  
  49  8:48  Pylon  
  49  8:51  Pylon  
  49  8:54  Pylon  
  49  8:57  Pylon  
  49  9:01  Pylon  
  49  9:05  Pylon  
  49  9:16  Probe  
  50  9:22  Fleet Beacon  
  50  9:24  Void Ray  
  50  9:28  Probe  
  55  9:41  Probe  
  56  9:51  Protoss Air Armor Level 1 (Chrono Boost)  
  56  9:53  Probe  
  57  10:01  Assimilator  
  57  10:05  Probe  
  58  10:07  Carrier  
  64  10:17  Probe  
  65  10:29  Probe  
  66  10:41  Probe  
  67  10:53  Probe  
  68  11:05  Probe  
  69  11:17  Probe  
  70  11:28  Stargate  
  70  11:29  Probe  
  71  11:42  Probe  
  71  11:46  Carrier  
  78  11:53  Protoss Air Weapons Level 2  
  78  12:15  Mothership (Chrono Boost)  
  86  12:32  Void Ray  
  96  13:41  Carrier  
  96  13:44  Carrier  
  102  14:45  Carrier  
  108  15:00  Twilight Council  
  114  16:20  Carrier  
  114  16:23  Carrier  
  114  16:25  Carrier  
  126  17:24  Carrier  
  126  17:26  Tempest  
  126  17:29  Tempest  
Show
View Real Time Build Order
Export as new Build Order

A.I. 7 (Very Hard) Protoss 

Build Orders:  

Get SALT Encoding   

  12  0:01  Probe  
  13  0:13  Probe  
  14  0:21  Pylon  
  14  0:25  Probe  
  15  0:35  Probe  
  16  0:43  Probe  
  16  0:49  Assimilator  
  17  0:51  Gateway  
  17  0:53  Probe  
  18  1:01  Pylon, Probe  
  18  1:09  Probe  
  20  1:20  Probe  
  21  1:39  Gateway  
  21  1:41  Cybernetics Core, Zealot, Probe  
  24  1:50  Pylon  
  24  1:53  Probe  
  25  1:59  Zealot  
  25  2:05  Probe  
  28  2:17  Probe  
  28  2:19  Warp Gate  
  29  2:25  Adept  
  29  2:26  Adept  
  33  2:34  Gateway  
  33  2:41  Probe  
  33  2:42  Gateway  
  33  2:50  Stalker  
  33  2:56  Stalker  
  37  3:04  Probe  
  38  3:07  Pylon  
  38  3:10  Assimilator  
  38  3:16  Probe  
  39  3:23  Adept  
  39  3:26  Adept  
  43  3:29  Stalker  
  45  3:36  Stalker  
  47  3:48  Pylon  
  47  3:53  Stalker  
  47  3:54  Zealot  
  45  4:00  Probe  
  40  4:12  Probe  
  39  4:18  Adept  
  39  4:24  Probe  
  39  4:25  Adept  
  42  4:36  Robotics Facility, Probe  
  43  4:39  Adept  
  45  4:48  Probe  
  45  4:50  Adept  
  48  5:00  Probe  
  49  5:10  Probe  
  50  5:18  Probe  
  50  5:20  Forge  
  50  5:27  Probe  
  52  5:38  Adept  
  52  5:39  Probe  
  55  5:45  Pylon  
  55  5:49  Twilight Council  
  55  5:56  Probe  
  54  5:58  Photon Cannon  
  54  6:03  Photon Cannon  
  54  6:08  Stalker  
  52  6:16  Zealot  
  50  6:30  Zealot  
  50  6:32  Templar Archives  
  52  6:34  Stalker  
  52  6:39  Pylon  
  54  6:43  Stalker  
  56  6:57  Zealot  
  56  6:58  Stalker  
  52  7:02  Stalker  
  52  7:07  Adept  
  52  7:18  High Templar  
  52  7:21  Zealot  
  56  7:25  High Templar  
  56  7:27  Sentry  
  58  7:41  Adept  
  58  7:42  Zealot  
  60  7:49  Pylon  
  60  7:50  Zealot  
  54  7:54  Observer  
  54  7:56  Nexus  
  54  7:57  Stalker  
  53  8:02  Zealot x2  
  57  8:10  Zealot  
  59  8:21  High Templar  
  61  8:30  Stalker  
  63  8:36  Zealot  
  63  8:39  Stalker  
  67  8:47  Adept  
  51  9:03  Zealot  
  51  9:08  High Templar  
  56  9:10  Probe x2  
  57  9:18  Stalker  
  57  9:21  Probe  
  57  9:23  Probe  
  61  9:25  Assimilator  
  61  9:27  Stalker  
  61  9:29  Probe  
  61  9:30  Assimilator  
  61  9:33  Adept  
  61  9:35  Probe  
  61  9:37  Zealot, Probe  
  61  9:40  Zealot  
  62  9:47  Probe  
  62  9:48  Probe  
  62  9:51  Stalker  
  60  9:59  Zealot  
  52  10:01  Probe  
  52  10:03  High Templar  
  55  10:07  Zealot  
  55  10:12  Probe  
  55  10:14  Zealot  
  55  10:20  High Templar  
  53  10:22  Probe  
  53  10:24  Probe  
  53  10:27  Zealot  
  57  10:33  High Templar  
  57  10:34  Probe  
  55  10:36  Zealot  
  55  10:37  Pylon  
  42  10:50  Zealot  
  28  11:04  Zealot  
Show
View Real Time Build Order
Export as new Build Order

TNF Protoss - Winner!

Build Orders:  

Get SALT Encoding   

  12  0:01  Probe  
  13  0:13  Probe  
  14  0:25  Probe  
  15  0:29  Pylon  
  15  0:35  Assimilator  
  15  0:42  Assimilator  
  15  0:47  Probe  
  16  0:56  Forge  
  16  1:01  Probe  
  17  1:13  Probe  
  18  1:25  Probe  
  19  1:34  Gateway  
  19  1:37  Probe  
  20  1:50  Probe  
  21  2:02  Probe  
  22  2:08  Gateway  
  22  2:23  Nexus  
  22  2:39  Assimilator  
  22  2:41  Assimilator  
  22  2:49  Pylon  
  22  2:55  Protoss Shields Level 1  
  22  3:15  Cybernetics Core  
  22  3:42  Pylon  
  22  4:05  Stargate  
  22  4:10  Protoss Air Weapons Level 1, Stargate  
  22  4:26  Stargate  
  22  4:30  Probe  
  23  4:42  Probe  
  23  4:45  Void Ray  
  28  4:54  Probe  
  29  5:03  Protoss Ground Weapons Level 1  
  29  5:06  Pylon, Probe  
  30  5:09  Void Ray  
  30  5:18  Probe  
  30  5:19  Void Ray  
  39  5:41  Photon Cannon  
  39  5:46  Photon Cannon  
  39  5:52  Photon Cannon  
  39  5:55  Void Ray  
  43  6:18  Protoss Air Armor Level 1  
  43  7:12  Protoss Ground Armor Level 1  
  43  8:01  Void Ray  
  43  8:03  Void Ray  
  43  8:05  Void Ray  
  55  8:35  Probe  
  55  8:38  Void Ray  
  56  8:47  Probe  
  61  8:54  Photon Cannon  
  61  8:57  Photon Cannon  
  61  9:02  Photon Cannon  
  62  9:05  Photon Cannon  
  62  9:20  Probe  
  62  9:44  Pylon  
  62  9:48  Pylon  
  62  9:52  Pylon  
  62  9:56  Void Ray  
  62  9:59  Pylon  
  62  10:00  Void Ray x2  
  62  10:02  Probe  
  75  10:14  Probe  
  75  10:18  Pylon  
  76  10:33  Void Ray  
  76  10:37  Void Ray x2  
  72  13:10  Void Ray  
  72  13:12  Void Ray  
  72  13:14  Void Ray  
  84  13:47  Void Ray  
  84  13:49  Void Ray  
  84  13:51  Void Ray  
  96  14:24  Void Ray  
  96  14:28  Void Ray  
  96  14:31  Void Ray  
  80  15:01  Void Ray  
  80  15:05  Void Ray  
  80  15:08  Void Ray  
  88  15:38  Void Ray  
  88  15:42  Void Ray  
  88  15:45  Void Ray  
  88  18:15  Void Ray  
  88  18:18  Void Ray  
  88  18:20  Void Ray  
  99  20:48  Void Ray x2  
  99  20:49  Void Ray  
  99  20:51  Nexus  
  80  21:25  Void Ray x2  
  80  21:26  Void Ray  
  80  21:29  Nexus  
  92  21:35  Unknown  
  92  21:41  Unknown  
  92  21:45  Pylon  
  92  22:02  Void Ray x2  
  92  22:03  Void Ray  
  100  22:13  Photon Cannon  
  104  22:16  Photon Cannon  
  104  22:19  Photon Cannon  
  104  22:22  Photon Cannon  
  104  22:23  Photon Cannon  
  104  22:28  Photon Cannon  
  104  22:32  Photon Cannon  
  104  22:36  Photon Cannon  
  104  22:39  Void Ray x2  
  104  22:40  Void Ray  
  104  22:42  Shield Battery  
  104  22:47  Shield Battery  
  104  22:49  Shield Battery  
  116  22:52  Shield Battery  
  116  22:56  Shield Battery  
  116  23:16  Void Ray x2  
Show
View Real Time Build Order
Export as new Build Order

A.I. 9 (Very Hard) Zerg 

Build Orders: Pool First 

Get SALT Encoding   

  12  0:01  Drone  
  13  0:12  Overlord  
  13  0:17  Drone  
  14  0:30  Drone x2  
  16  0:43  Spawning Pool  
  16  0:44  Drone  
  16  0:49  Drone  
  17  1:12  Hatchery, Drone  
  17  1:15  Extractor  
  17  1:18  Drone  
  17  1:22  Extractor  
  17  1:24  Drone  
  17  1:28  Drone  
  18  1:38  Drone  
  19  1:49  Overlord  
  19  1:55  Queen  
  19  2:01  Zergling x2  
  22  2:10  Drone  
  23  2:23  Queen  
  23  2:29  Drone  
  26  2:35  Drone  
  27  2:40  Drone  
  27  2:44  Drone  
  29  2:58  Roach Warren  
  29  2:59  Drone  
  29  3:03  Drone  
  30  3:06  Zergling x2  
  30  3:09  Zergling x2  
  32  3:16  Overlord  
  32  3:19  Drone  
  33  3:21  Drone  
  34  3:38  Roach  
  34  3:39  Roach x2  
  40  3:41  Roach  
  40  3:47  Lair  
  42  3:52  Overlord  
  42  3:57  Overlord  
  42  4:01  Zergling x2  
  43  4:03  Zergling x2  
  44  4:10  Zergling x2  
  44  4:11  Drone x2  
  44  4:13  Drone  
  44  4:16  Drone  
  49  4:18  Drone  
  49  4:23  Roach  
  52  4:27  Roach  
  54  4:31  Overlord  
  54  4:40  Drone  
  54  4:41  Drone  
  54  4:44  Drone  
  57  4:46  Drone  
  57  4:50  Drone, Infestation Pit  
  57  4:52  Overlord  
  58  4:56  Overlord  
  58  5:00  Roach  
  58  5:06  Hydralisk Den  
  59  5:09  Drone  
  59  5:12  Drone  
  59  5:14  Drone  
  60  5:15  Drone  
  60  5:17  Drone  
  60  5:18  Drone  
  60  5:20  Drone  
  63  5:23  Drone  
  63  5:26  Drone  
  61  5:29  Drone, Roach  
  61  5:31  Drone  
  61  5:33  Drone  
  61  5:35  Drone  
  67  5:36  Hydralisk  
  67  5:38  Drone, Hydralisk  
  67  5:41  Drone  
  73  5:45  Infestor  
  75  5:52  Roach  
  75  5:53  Overlord, Roach  
  75  5:54  Roach  
  75  5:56  Roach  
  81  6:04  Zergling x2  
  81  6:07  Zergling x2  
  81  6:08  Infestor  
  81  6:10  Zergling x2  
  81  6:11  Roach  
  83  6:14  Roach  
  81  6:19  Roach  
  81  6:21  Overlord  
  81  6:22  Roach  
  81  6:23  Zergling x2  
  86  6:26  Roach  
  86  6:30  Roach  
  90  6:37  Extractor  
  90  6:38  Roach  
  91  6:40  Drone  
  91  6:41  Extractor, Overlord  
  91  6:42  Roach  
  91  6:43  Drone  
  94  6:48  Zergling x2  
  94  6:50  Zergling x2  
  94  6:51  Zergling x2  
  94  6:53  Zergling x2  
  98  6:55  Zergling x2  
  98  7:00  Roach  
  101  7:04  Overlord  
  101  7:10  Drone  
  101  7:13  Drone  
  101  7:15  Overseer  
  103  7:16  Drone  
  103  7:17  Zergling x2  
  103  7:19  Drone  
  103  7:20  Drone  
  107  7:23  Drone  
  107  7:24  Overlord  
  107  7:26  Roach  
  107  7:28  Roach  
  112  7:36  Roach  
  114  7:39  Metabolic Boost  
  114  7:41  Evolution Chamber  
  114  7:42  Drone  
  114  7:46  Overlord  
  114  7:48  Zergling x2  
  114  7:49  Roach  
  114  7:50  Infestor  
  111  7:51  Spine Crawler  
  111  7:52  Zergling x2  
  111  7:54  Roach  
  111  7:56  Roach  
  111  7:58  Drone  
  109  8:02  Hive  
  109  8:03  Zergling x2, Hydralisk  
  100  8:12  Spire  
  95  8:14  Hydralisk  
  95  8:16  Drone  
  95  8:17  Infestor  
  95  8:19  Roach  
  102  8:20  Roach  
  104  8:42  Evolution Chamber  
  104  8:46  Drone  
  104  8:51  Spine Crawler  
  104  8:53  Roach  
  105  8:56  Drone, Baneling Nest  
  105  8:57  Roach  
  105  8:58  Roach  
  105  8:59  Drone  
  105  9:01  Roach  
  105  9:02  Evolution Chamber  
  111  9:04  Roach  
  111  9:05  Overlord  
  111  9:06  Drone  
  111  9:08  Roach x2  
  118  9:23  Ravager  
  121  9:24  Roach  
  121  9:25  Overlord  
  121  9:26  Corruptor  
  121  9:28  Mutalisk  
  121  9:29  Mutalisk  
  121  9:31  Mutalisk  
  127  9:32  Greater Spire  
  127  9:38  Mutalisk  
  129  9:41  Spore Crawler, Baneling  
  129  9:42  Zergling x2  
  129  9:43  Baneling  
  129  9:45  Drone  
  132  9:46  Overlord  
  132  9:48  Baneling, Overseer  
  132  9:50  Zergling x2  
  132  9:51  Baneling  
  132  9:52  Baneling  
  133  9:54  Zergling x2  
  133  9:56  Baneling  
  134  10:04  Mutalisk  
  134  10:06  Overlord  
  134  10:07  Spore Crawler  
  135  10:13  Mutalisk  
  137  10:21  Mutalisk  
  137  10:26  Overlord  
  139  10:32  Mutalisk  
  141  10:41  Mutalisk  
  143  10:46  Spine Crawler  
  142  10:50  Mutalisk  
  142  10:54  Zergling x2  
  142  10:55  Zergling x2  
  144  11:00  Mutalisk  
  144  11:02  Overlord  
  144  11:04  Hatchery  
  145  11:06  Drone  
  146  11:11  Zergling x2  
  146  11:12  Spine Crawler, Mutalisk  
  147  11:20  Mutalisk  
  147  11:21  Spore Crawler  
  147  11:23  Drone  
  149  11:29  Spore Crawler, Mutalisk  
  149  11:32  Drone  
  151  11:45  Overlord  
  151  11:51  Ultralisk Cavern  
  151  11:52  Drone  
  151  12:08  Spine Crawler  
  150  12:11  Mutalisk  
  152  12:20  Mutalisk  
  154  12:28  Hatchery  
  154  12:29  Mutalisk  
  153  12:32  Zergling x2  
  153  12:33  Zergling x2  
  153  12:34  Zergling x2  
  153  12:35  Zergling x2  
  148  12:38  Zergling x2  
  148  12:39  Zergling x2  
  148  12:40  Zergling x2  
  148  12:41  Ultralisk  
  148  12:42  Zergling x2  
  146  12:46  Roach  
  146  12:47  Roach  
  146  12:50  Roach  
  146  12:51  Baneling  
  146  12:52  Zergling x2  
  146  12:53  Baneling, Hydralisk  
  146  12:55  Baneling  
  146  12:56  Zergling x2  
  146  12:58  Baneling  
  126  13:01  Queen  
  126  13:03  Hydralisk  
  95  13:08  Roach  
  95  13:09  Roach  
  95  13:10  Roach  
  97  13:16  Infestor  
  97  13:19  Roach  
  101  13:22  Roach  
  101  13:24  Roach  
  101  13:26  Roach  
  107  13:40  Infestor  
  109  13:41  Drone  
  109  13:43  Drone  
  109  13:44  Drone  
  109  13:45  Drone  
  109  13:46  Drone x2  
  109  13:48  Drone  
  116  13:49  Drone  
  116  13:50  Drone  
  116  13:51  Drone x2  
  116  13:52  Drone  
  116  13:53  Drone x2  
  116  13:54  Drone  
  124  13:55  Drone  
  124  13:56  Drone  
  124  13:59  Baneling  
  124  14:00  Zergling x2, Unknown  
  124  14:01  Baneling, Roach  
  124  14:02  Drone  
  129  14:03  Roach  
  129  14:04  Roach, Unknown  
  129  14:06  Drone  
  129  14:07  Roach  
  129  14:08  Roach  
  129  14:09  Roach  
  139  14:10  Roach  
  139  14:11  Roach  
  139  14:12  Roach x2  
  139  14:13  Queen  
  146  14:24  Overseer  
  146  14:25  Drone  
  146  14:26  Drone  
  146  14:27  Drone x2, Spine Crawler  
  146  14:28  Drone  
  146  14:29  Drone  
  146  14:30  Drone  
  146  14:31  Drone  
  145  14:32  Drone  
  145  14:33  Drone  
  145  14:35  Drone, Unknown  
  145  14:37  Hydralisk  
  147  14:39  Drone  
  147  14:41  Drone  
  147  14:42  Drone  
  147  14:43  Drone  
  157  14:45  Ultralisk  
  157  14:46  Hatchery  
  157  14:47  Drone  
  155  14:53  Ultralisk  
  155  14:57  Overseer  
  161  15:02  Overseer  
  161  15:06  Drone  
  161  15:09  Drone  
  161  15:10  Drone  
  161  15:12  Drone  
  161  15:13  Drone  
  154  15:14  Drone  
  154  15:17  Drone  
  154  15:18  Drone  
  154  15:19  Drone  
  154  15:20  Hydralisk  
  155  15:22  Drone  
  155  15:23  Ultralisk  
  155  15:24  Overlord  
  157  15:30  Infestor  
  153  15:39  Infestor  
  153  15:42  Roach  
  149  15:46  Zergling x2, Hydralisk  
  149  15:48  Zergling x2  
  149  15:49  Zergling x2  
  152  15:50  Zergling x2  
  152  15:51  Roach  
  152  15:53  Roach  
  152  15:54  Roach  
  152  15:56  Roach, Hydralisk  
  152  16:04  Drone  
  152  16:06  Drone  
  152  16:08  Drone  
  152  16:09  Drone  
  152  16:10  Spine Crawler  
  147  16:11  Zergling x2  
  147  16:13  Drone  
  147  16:15  Roach  
  147  16:17  Drone  
  148  16:19  Drone  
  148  16:21  Roach  
  148  16:23  Drone  
  148  16:25  Roach  
  153  16:26  Roach  
  153  16:27  Drone  
  153  16:29  Roach  
  153  16:30  Mutalisk  
  153  16:31  Extractor  
  153  16:32  Drone, Mutalisk  
  160  16:34  Drone  
  160  16:36  Drone  
  160  16:39  Extractor, Drone  
  161  16:40  Drone x2  
  161  16:41  Drone  
  161  16:43  Drone  
  161  16:44  Drone, Spine Crawler  
  161  16:46  Drone  
  164  16:47  Drone  
  164  16:53  Drone  
  164  16:54  Queen  
  165  16:58  Drone, Overlord  
  165  17:00  Drone  
  161  17:03  Hydralisk  
  153  17:09  Hydralisk  
  153  17:12  Zergling x2  
  153  17:13  Zergling x2  
  153  17:14  Drone  
  153  17:15  Drone  
  137  17:16  Overseer  
  137  17:21  Pneumatized Carapace  
  117  17:24  Infestor  
  117  17:28  Roach  
  109  17:30  Roach  
  109  17:31  Baneling  
  109  17:32  Zergling x2  
  109  17:33  Roach  
  109  17:35  Roach  
  113  17:38  Roach  
  113  17:42  Roach  
  113  17:43  Roach x2  
  121  17:45  Roach  
  121  17:49  Hydralisk  
  123  18:00  Hatchery  
  123  18:03  Infestor  
  124  18:07  Baneling, Unknown  
  124  18:09  Baneling  
  124  18:10  Zergling x2  
  124  18:11  Baneling  
  124  18:13  Baneling  
  124  18:14  Zergling x2  
  124  18:15  Baneling  
  124  18:18  Roach  
  127  18:20  Roach, Unknown  
  127  18:22  Roach  
  127  18:26  Roach  
  132  18:30  Overlord, Roach  
  132  18:31  Roach  
  138  18:34  Roach  
  138  18:35  Spine Crawler  
  138  18:37  Roach  
  138  18:38  Roach  
  141  18:43  Roach  
  143  18:51  Overlord  
  149  19:02  Spine Crawler, Ultralisk  
  149  19:09  Overlord  
  148  19:11  Mutalisk  
  148  19:17  Spine Crawler  
  149  19:19  Queen  
  149  19:21  Mutalisk  
  153  19:27  Spine Crawler  
  153  19:29  Overlord  
  147  19:38  Mutalisk  
  142  19:42  Zergling x2  
  135  19:49  Hydralisk  
  129  19:53  Drone  
  129  19:54  Drone  
  129  19:56  Drone  
  129  19:57  Hydralisk  
  130  20:01  Drone  
  130  20:04  Drone  
  130  20:25  Drone  
  130  20:26  Infestor  
  132  20:34  Drone  
  127  20:40  Drone  
  127  20:41  Drone  
  124  20:44  Drone  
  124  20:45  Drone  
  124  20:46  Drone  
  126  20:50  Overseer  
  126  20:54  Drone  
  126  20:56  Drone  
  120  20:57  Drone  
  120  20:58  Drone  
  120  20:59  Drone  
  120  21:00  Drone  
  120  21:03  Drone  
  120  21:05  Drone  
  120  21:07  Drone x2  
  120  21:08  Drone  
  120  21:09  Drone  
  109  21:16  Drone  
  99  21:29  Drone  
  99  21:30  Drone  
  99  21:31  Drone  
  102  21:39  Drone  
  103  21:44  Drone  
  104  21:47  Hatchery  
  103  22:01  Zergling x2  
  90  22:12  Zergling x2  
  19  23:14  Zergling x2  
  19  23:15  Zergling x2  
Show
View Real Time Build Order
Export as new Build Order

Raynar Protoss - Winner!

Build Orders: 1 Gate Expand 

Get SALT Encoding   

  12  0:00  Probe  
  13  0:12  Probe  
  14  0:18  Pylon  
  14  0:24  Probe  
  15  0:36  Probe  
  15  0:37  Gateway  
  16  0:48  Probe  
  17  1:01  Probe  
  18  1:13  Probe  
  18  1:14  Nexus  
  19  1:25  Probe  
  20  1:29  Cybernetics Core  
  20  1:33  Assimilator  
  20  1:38  Probe (Chrono Boost)  
  21  1:50  Probe (Chrono Boost)  
  21  1:54  Forge  
  22  1:56  Pylon, Probe (Chrono Boost)  
  23  2:06  Pylon  
  23  2:16  Probe  
  23  2:20  Assimilator  
  24  2:26  Shield Battery  
  24  2:28  Probe  
  25  2:33  Photon Cannon  
  25  2:40  Probe  
  25  2:44  Shield Battery  
  26  2:49  Photon Cannon  
  26  2:53  Probe  
  27  3:03  Stargate  
  27  3:04  Pylon  
  27  3:06  Probe (Chrono Boost)  
  28  3:18  Probe (Chrono Boost)  
  30  3:23  Probe (Chrono Boost)  
  30  3:25  Probe (Chrono Boost)  
  31  3:29  Shield Battery  
  31  3:32  Probe  
  31  3:34  Photon Cannon  
  32  3:49  Pylon  
  32  3:50  Void Ray (Chrono Boost), Probe (Chrono Boost)  
  34  3:56  Probe (Chrono Boost)  
  34  4:01  Probe (Chrono Boost)  
  39  4:05  Probe x2 (Chrono Boost)  
  41  4:12  Photon Cannon  
  41  4:15  Shield Battery  
  42  4:17  Probe  
  42  4:19  Photon Cannon  
  42  4:26  Photon Cannon, Void Ray (Chrono Boost)  
  42  4:31  Shield Battery  
  42  4:38  Probe  
  47  4:41  Probe  
  48  4:50  Probe  
  49  4:53  Probe  
  50  5:02  Photon Cannon, Probe  
  50  5:04  Photon Cannon  
  51  5:11  Photon Cannon  
  51  5:14  Probe  
  51  5:15  Shield Battery  
  52  5:38  Void Ray (Chrono Boost)  
  52  5:39  Protoss Shields Level 1 (Chrono Boost)  
  52  5:45  Protoss Air Weapons Level 1  
  52  6:22  Void Ray (Chrono Boost)  
  56  6:36  Probe  
  56  6:38  Probe  
  58  6:41  Assimilator  
  58  6:48  Assimilator  
  58  6:49  Probe  
  58  6:50  Probe  
  58  6:52  Void Ray (Chrono Boost)  
  60  6:55  Photon Cannon  
  60  7:01  Probe  
  65  7:02  Probe  
  66  7:26  Void Ray (Chrono Boost)  
  70  7:42  Pylon  
  70  7:44  Protoss Air Armor Level 1  
  70  7:45  Pylon  
  70  7:49  Pylon  
  70  7:50  Pylon x2  
  62  7:51  Pylon, Probe  
  62  7:52  Probe  
  62  7:54  Pylon  
  62  7:56  Void Ray  
  62  7:58  Pylon  
  64  8:03  Probe  
  69  8:32  Robotics Facility  
  69  8:36  Stargate  
  69  8:38  Fleet Beacon  
  69  8:42  Void Ray (Chrono Boost)  
  73  8:59  Twilight Council  
  73  9:24  Nexus  
  73  9:27  Probe x2  
  75  9:32  Assimilator  
  75  9:34  Void Ray x2 (Chrono Boost)  
  75  9:38  Assimilator  
  75  9:39  Probe x2  
  75  9:40  Pylon  
  75  9:41  Pylon  
  75  9:43  Pylon  
  85  9:51  Probe x2  
  87  9:56  Warp Prism  
  89  10:09  Tempest x2  
  99  10:27  Probe x2  
  101  10:39  Probe x2  
  103  11:05  Probe x2  
  103  11:06  Probe  
  106  11:16  Protoss Shields Level 2  
  106  11:17  Flux Vanes, Probe  
  106  11:18  Probe x2  
  109  11:28  Void Ray x2 (Chrono Boost)  
  109  11:39  Protoss Air Weapons Level 2 (Chrono Boost)  
  101  13:27  Void Ray (Chrono Boost)  
  101  13:28  Void Ray (Chrono Boost)  
  109  13:50  Unknown  
  109  13:51  Void Ray x2 (Chrono Boost)  
  109  13:56  Photon Cannon  
  109  13:57  Photon Cannon  
  109  13:59  Photon Cannon, Protoss Air Armor Level 2  
  109  14:00  Photon Cannon  
  109  14:01  Photon Cannon x2  
  109  14:04  Shield Battery x2  
  109  14:05  Shield Battery  
  117  14:23  Protoss Shields Level 3 (Chrono Boost)  
  117  14:30  Tempest x2, Nexus  
  117  14:32  Pylon  
  117  14:34  Pylon  
  117  14:36  Pylon  
  127  14:44  Pylon  
  127  14:46  Assimilator  
  127  15:00  Photon Cannon  
  127  15:02  Photon Cannon  
  127  15:03  Photon Cannon  
  127  15:04  Photon Cannon  
  127  15:06  Photon Cannon  
  127  15:08  Photon Cannon  
  127  15:09  Photon Cannon x2  
  127  15:11  Photon Cannon  
  127  15:12  Photon Cannon x2  
  127  15:13  Tempest x2  
  137  15:14  Photon Cannon x2  
  137  15:15  Photon Cannon  
  137  15:19  Photon Cannon  
  137  15:20  Shield Battery x2  
  137  15:23  Shield Battery  
  137  15:24  Shield Battery  
  137  15:25  Shield Battery  
  137  15:26  Shield Battery  
  137  15:30  Assimilator  
  136  15:43  Probe (Chrono Boost)  
  137  15:53  Probe (Chrono Boost)  
  135  16:07  Tempest x2 (Chrono Boost)  
  145  16:18  Probe  
  145  16:25  Gateway  
  145  16:28  Pylon  
  145  16:31  Pylon, Probe  
  146  16:33  Pylon  
  146  16:42  Tempest x2  
  146  16:43  Probe  
  157  17:01  Probe  
  158  17:14  Probe  
  158  17:15  Tempest x2  
  159  17:26  Probe  
  159  17:28  Protoss Air Weapons Level 3 (Chrono Boost)  
  170  17:30  Stargate  
  170  17:32  Stargate  
  170  17:38  Probe  
  171  17:52  Void Ray x2  
  171  17:54  Mothership (Chrono Boost)  
  187  18:26  Void Ray x2  
  195  18:56  Void Ray  
  199  20:19  Protoss Air Armor Level 3  
  198  22:58  Pylon  
  198  23:00  Pylon x2  
  198  23:02  Pylon, Nexus  
  198  23:05  Pylon x2  
  198  23:06  Pylon  
  198  23:08  Assimilator  
  198  23:09  Assimilator  
Show
View Real Time Build Order
Export as new Build Order

A.I. 11 (Very Hard) Terran 

Build Orders:  

Get SALT Encoding   

  12  0:01  SCV  
  13  0:13  SCV  
  14  0:20  Supply Depot  
  14  0:25  SCV  
  15  0:41  SCV  
  16  0:45  Barracks  
  16  0:47  Refinery  
  16  0:53  SCV  
  17  1:04  Barracks  
  17  1:05  SCV  
  18  1:18  SCV  
  19  1:32  Orbital Command  
  19  1:33  Marine  
  20  1:46  Barracks  
  20  1:51  Marine x2  
  22  2:01  Supply Depot  
  22  2:04  SCV  
  23  2:10  Barracks Tech Lab  
  23  2:11  Barracks Tech Lab  
  23  2:22  SCV  
  24  2:28  Marine  
  24  2:29  Stimpack  
  25  2:30  Marine  
  25  2:32  Marine, Concussive Shells  
  27  2:41  Supply Depot  
  27  2:45  Marine  
  27  2:47  Marine  
  27  2:49  SCV  
  27  2:50  Marine  
  31  3:04  Marauder  
  33  3:06  Marauder  
  33  3:08  Marine  
  33  3:11  Supply Depot  
  36  3:23  Combat Shield  
  36  3:25  Marine  
  36  3:26  Marine, SCV  
  39  3:32  Marine  
  39  3:34  Supply Depot  
  40  3:42  Marine, SCV  
  41  3:51  Marauder  
  41  3:54  SCV  
  44  3:57  Refinery  
  44  4:01  Marauder  
  46  4:06  SCV  
  47  4:10  Supply Depot  
  47  4:12  Marauder  
  49  4:21  SCV  
  49  4:22  Marauder  
  52  4:33  SCV  
  52  4:34  Marauder  
  55  4:40  Supply Depot  
  55  4:44  Marauder  
  55  4:45  SCV  
  58  4:49  Factory  
  58  4:55  Marauder  
  58  4:59  Marine  
  57  5:05  Marauder  
  52  5:16  Marauder  
  52  5:17  Marine  
  55  5:26  Marine  
  56  5:35  Marine  
  57  5:38  Marauder  
  59  5:44  Marauder  
  59  5:45  Supply Depot  
  61  5:52  Marine  
  62  5:59  Marauder  
  64  6:06  Marauder  
  64  6:10  Marine  
  67  6:14  Supply Depot  
  67  6:21  Marauder  
  69  6:27  Marauder  
  69  6:28  Marine  
  72  6:39  Supply Depot  
  72  6:42  Marauder  
  72  6:43  Starport  
  72  6:45  Command Center  
  74  6:48  Marauder  
  76  7:03  Marauder  
  78  7:19  Starport Tech Lab  
  78  7:24  Fusion Core  
  78  7:29  Marauder  
  80  7:34  Supply Depot  
  80  7:43  Viking  
  82  8:03  SCV  
  83  8:05  SCV  
  84  8:13  Refinery, Viking  
  84  8:15  SCV  
  84  8:18  SCV  
  88  8:20  Refinery  
  88  8:27  SCV  
  88  8:30  SCV  
  90  8:39  SCV  
  91  8:42  SCV  
  91  8:43  Viking  
  94  8:52  SCV  
  94  8:54  SCV  
  96  9:04  SCV  
  96  9:09  SCV  
  98  9:11  Supply Depot  
  98  9:13  Viking  
  98  9:16  SCV  
  101  9:21  SCV  
  102  9:28  SCV  
  103  9:33  SCV  
  103  9:36  Supply Depot  
  104  9:40  SCV  
  104  9:43  Viking  
  107  9:45  SCV  
  107  9:52  SCV  
  109  9:57  SCV  
  110  10:04  SCV  
  110  10:06  Supply Depot  
  111  10:10  SCV  
  111  10:13  Viking  
  114  10:16  SCV  
  115  10:22  SCV  
  115  10:23  Barracks Reactor  
  116  10:29  SCV  
  116  10:35  Marine, Supply Depot  
  118  10:38  Marine  
  119  10:43  Viking  
  121  10:53  Engineering Bay  
  121  10:55  Orbital Command  
  121  11:04  Supply Depot, Factory Tech Lab  
  121  11:08  Engineering Bay  
  121  11:13  Viking  
  121  11:18  Barracks  
  123  11:26  Siege Tank  
  123  11:30  Missile Turret  
  122  11:35  Marine  
  122  11:38  Marine, Supply Depot  
  120  11:43  Medivac  
  120  11:44  Missile Turret  
  122  11:58  Widow Mine  
  124  12:06  Supply Depot  
  124  12:13  Battlecruiser, Missile Turret  
  130  12:19  Widow Mine  
  132  12:33  Supply Depot  
  132  12:41  Widow Mine  
  132  12:44  Missile Turret  
  127  12:53  Marine, Marauder  
  127  12:55  Marine, Marauder  
  127  12:58  Marine  
  123  13:02  Widow Mine  
  116  13:11  Marine  
  116  13:12  Command Center  
  114  13:14  Marauder  
  114  13:16  Marauder  
  114  13:17  Battlecruiser  
  105  13:20  Marine, Missile Turret  
  105  13:21  Marine  
  105  13:26  Siege Tank  
  102  13:29  Marine  
  103  13:35  Marauder  
  103  13:37  Marine  
  103  13:41  Marine  
  107  13:43  Marine  
  107  13:47  Marine  
  109  13:55  Marine  
  110  13:57  Marauder  
  110  13:58  Siege Tank  
  115  14:13  Marauder  
  117  14:18  Marauder  
  117  14:21  Viking  
  121  14:29  SCV  
  121  14:30  SCV, Siege Tank  
  126  14:32  SCV  
  126  14:33  Refinery  
  126  14:34  Marauder  
  129  14:40  Marauder  
  129  14:41  SCV  
  129  14:43  SCV  
  129  14:44  Refinery  
  129  14:45  SCV  
  134  14:51  Battlecruiser  
  140  14:55  SCV  
  140  14:56  Orbital Command, Marauder  
  140  14:57  SCV  
  144  15:01  Marauder  
  144  15:03  Missile Turret  
  144  15:04  Siege Tank  
  149  15:09  SCV  
  149  15:11  SCV, Supply Depot  
  151  15:17  Marauder  
  153  15:21  SCV  
  153  15:22  Marauder  
  156  15:38  Siege Tank, Marauder  
  161  15:44  Marauder  
  160  15:51  Marine  
  160  15:53  Marine  
  160  15:55  Marine  
  160  15:56  Battlecruiser  
  144  15:59  Marine  
  118  16:05  Marauder  
  118  16:09  Marine  
  116  16:12  Marine  
  116  16:14  Marine, Ghost Academy  
  116  16:17  Marine  
  119  16:27  Marine, Marauder  
  119  16:31  Marine  
  123  16:34  Marine  
  123  16:35  Marauder  
  126  16:46  Marine  
  127  16:48  Marauder  
  127  16:49  Marine  
  127  16:52  Marine  
  131  16:57  Siege Tank, Marauder  
  131  16:59  Medivac  
  138  17:06  Marine  
  139  17:09  Marauder  
  141  17:17  Ghost  
  143  17:29  Siege Tank  
  152  17:30  Battlecruiser  
  152  17:31  Marauder  
  153  17:47  Marauder  
  155  17:52  Marauder  
  157  18:08  Marauder  
  159  18:29  Command Center  
  159  18:34  Raven  
  160  19:16  Liberator  
  169  20:00  Battlecruiser  
  165  21:04  Viking  
  167  21:33  Liberator  
  170  21:58  Command Center  
  168  22:09  Ghost  
  168  22:10  Ghost  
  172  22:17  Battlecruiser  
  160  22:38  Marauder  
  160  22:39  Marine  
  160  22:40  Marine, Marauder  
  160  22:42  Marine  
  86  22:52  Siege Tank  
  82  22:59  Ghost  
  82  23:00  Ghost  
  86  23:06  Marine  
  86  23:08  Marine  
  86  23:09  Marine  
  89  23:17  Unknown  
  87  23:21  Viking  
  86  23:27  Widow Mine, Barracks, Ghost  
  86  23:28  Marine  
  86  23:29  Marine, Ghost  
  86  23:31  Marine  
  92  23:46  Marine  
  92  23:47  Marine  
  71  23:49  SCV, Widow Mine  
  71  23:50  Marine, SCV  
  71  23:51  SCV  
  73  23:56  Marine  
  73  23:58  Marine  
  73  24:01  SCV  
  79  24:04  Marine  
Tags
 
Add a new tag
Caveats
  • Supply blocks, unpowered buildings, or Contaminate may cause inaccurate times.
  • Supply counts are checked every 10 seconds.